 Dungeon Crawl Stone Soup version 0.22-a0-455-ga0624bf (webtiles) character file.

7584 KristoblXynda the Cleaver (level 10, -6/88 HPs)
             Began as a Deep Dwarf Fighter on June 5, 2018.
             Was a Believer of Makhleb.
             Mangled by a death yak (20 damage)
             ... on level 1 of the Lair of Beasts.
             The game lasted 00:27:06 (9402 turns).

KristoblXynda the Cleaver (Deep Dwarf Fighter)      Turns: 9402, Time: 00:27:07

Health: -6/88      AC: 19    Str: 21    XL:     10   Next: 97%
Magic:  9/9        EV: 11    Int: 13    God:    Makhleb [**....]
Gold:   487        SH:  0    Dex: 12    Spells: 9/9 levels left

rFire    . . .     SeeInvis .   a - +1 war axe
rCold    + . .     Gourm    +   c - +0 shield
rNeg     . . .     Faith    .   j - +0 chain mail
rPois    .         Spirit   .   x - +1 helmet
rElec    .         Reflect  .   z - +0 cloak
rCorr    .         Harm     .   (no gloves)
MR       +....                  k - +0 pair of boots
Stlth    ..........             C - amulet of the gourmand
HPRegen  0.00/turn              D - ring of Sin {+Fly rC+ AC+3 Int+2}
MPRegen  0.11/turn              B - +2 ring of evasion

@: confused, non-regenerating
A: damage resistance, heal wounds, sense surroundings 2, no regeneration
a: Heal Wounds, Minor Destruction, Renounce Religion, Evoke Flight


You were on level 1 of the Lair of Beasts.
You worshipped Makhleb.
Makhleb was pleased with you.
You were full.

You visited 3 branches of the dungeon, and saw 13 of its levels.

You collected 487 gold pieces.

Inventory:

Hand Weapons
 a - a +1 war axe (weapon)
 b - a +0 whip
 I - a cursed +0 broad axe
Missiles
 r - 5 throwing nets (quivered)
Armour
 c - a +0 shield (worn)
 j - a +0 chain mail (worn)
 k - a +0 pair of boots (worn)
 x - a +1 helmet (worn)
 z - a +0 cloak (worn)
Jewellery
 A - an uncursed ring of see invisible
 B - a +2 ring of evasion (right hand)
 C - an amulet of the gourmand (around neck)
 D - the ring of Sin (left hand) {+Fly rC+ AC+3 Int+2}
   (You found it on level 7 of the Dungeon)

   [ring of protection]

   It affects your AC (+3).
   It affects your intelligence (+2).
   It protects you from cold.
   It lets you fly.
Wands
 o - a wand of acid (2)
 E - a wand of disintegration (1)
Scrolls
 g - 3 scrolls of remove curse
 n - a scroll of fear
 s - 2 scrolls of immolation
 t - 3 scrolls of amnesia
 v - 3 scrolls of magic mapping
 y - 3 scrolls of teleportation
Potions
 d - a potion of might
 e - a potion of agility
 l - a potion of flight
 m - a potion of invisibility {unknown}
 p - a potion of haste {unknown}
 q - a potion of ambrosia {unknown}
 u - a potion of mutation {unknown}
 F - a potion of degeneration {unknown}
 H - a potion of brilliance
Comestibles
 f - 20 rations


   Skills:
 - Level 5.1 Fighting
 + Level 12.1 Axes
 + Level 9.6 Armour
 - Level 5.4 Dodging
 + Level 9.7 Shields
 + Level 4.6 Evocations


You had 9 spell levels left.
You didn't know any spells.
Your spell library contained the following spells:

 Spells                   Type           Power        Failure   Level  Hunger
 Spider Form              Tmut/Pois      #.........   100%        3    ####...
 Blade Hands              Tmut           #.........   100%        5    ######.
 Ice Form                 Ice/Tmut       #.......     100%        4    #####..
 Sticks to Snakes         Tmut           #.......     99%         2    ###....
 Beastly Appendage        Tmut           #.....       99%         1    ##.....


Dungeon Overview and Level Annotations

Branches:
Dungeon (11/15)            Temple (1/1) D:6            Lair (1/6) D:8
    Orc: D:9-12

Altars:
Ashenzari
Cheibriados
Dithmenos
Elyvilon
Fedhas
Gozag
Hepliaklqana
Kikubaaqudgha
Makhleb
Nemelex Xobeh
Okawaru
Qazlal
Ru
Trog
Uskayaw
Vehumet
Wu Jian
Xom
Yredelemnul
Zin
The Shining One

Shops:
D:10 :

Annotations:
D:9 pk666's ghost, novice DEFE
Lair:1 ThisFiasco's ghost, novice SpEn


Innate Abilities, Weirdness & Mutations

You are resistant to damage.
You can heal yourself by infusing magical energy.
You passively map the area around you.
You do not regenerate.


Message History

Okay, then.
As you read the scroll of teleportation, it crumbles to dust.
You feel strangely unstable.
ThisFiasco's ghost casts a spell at you.
You are confused.
Unknown command.
ThisFiasco's ghost points at you and mumbles some strange words.
The spray of energy misses you.
Your surroundings suddenly seem different.
A death yak comes into view.
The death yak bellows!
A death yak comes into view.
The death yak bellows!
A death yak comes into view.
The death yak bellows!
A death yak comes into view.
The death yak bellows!
A death yak comes into view.
The death yak gores you!!
You die...

, , , , ,,...
, ,.# * ,
##..#####. ,
..........* *
,,........P,
* .........,
,
........#,**
,,* ........#
,* *
.......@# , ,
*..###.Y.P..#
, , ,
,Y.Y.....## *
..Y...Y...#
..Y.......# *
###.####### *
* ##


You could see 6 death yaks.

Vanquished Creatures
  Harold (D:10)
  An orc knight (D:11)
  A spiny frog (Lair:1)
  2 trolls
  A hippogriff (D:7)
  2 hornets (D:8)
  Edmund (D:6)
  2 hell hounds (D:8)
  A soldier ant (D:8)
  3 ice beasts
  3 orc warriors (D:10)
  3 sky beasts
  2 phantoms (D:7)
  2 ogres (D:9)
  A centaur (D:7)
  2 big kobolds
  Blork the orc (D:6)
  2 bullfrogs
  2 scorpions
  A water moccasin skeleton (D:4)
  4 crimson imps
  A bullfrog zombie (D:8)
  2 jellies
  15 orc wizards
  4 centaur skeletons
  2 hounds
  8 orc priests
  An iguana (D:11)
  Natasha (twice) (D:4)
  8 worker ants
  A killer bee zombie (D:7)
  A hound skeleton (D:4)
  10 adders
  A gnoll (D:1)
  2 shadow imps
  2 oozes
  2 adder skeletons
  5 worms
  2 dart slugs
  5 leopard geckos
  55 orcs
  12 bats
  2 giant cockroaches
  8 hobgoblins
  4 jackals
  15 kobolds
  5 quokkas
  12 frilled lizards
  4 goblins
  A leopard gecko skeleton (D:7)
  A quokka skeleton (D:5)
  5 rats
236 creatures vanquished.

Notes
Turn   | Place    | Note
-------+----------+-------------------------------------------
     0 | D:1      | KristoblXynda the Deep Dwarf Fighter began the quest for the Orb.
     0 | D:1      | Reached XP level 1. HP: 20/20 MP: 1/1
    97 | D:1      | Reached XP level 2. HP: 24/27 MP: 2/2
   238 | D:1      | Reached skill level 3 in Axes
   402 | D:1      | Reached XP level 3. HP: 18/33 MP: 3/3
   906 | D:2      | Reached XP level 4. HP: 16/40 MP: 4/4
  1249 | D:2      | Found an ancient bone altar of Kikubaaqudgha.
  1308 | D:3      | Reached skill level 4 in Axes
  1497 | D:3      | Reached XP level 5. HP: 30/46 MP: 5/5
  1880 | D:3      | HP: 2/46 [orc priest/divine providence (8)]
  1889 | D:3      | Reached skill level 5 in Axes
  1901 | D:3      | Reached XP level 6. HP: 32/55 MP: 4/4
  2150 | D:3      | Found a glowing golden altar of the Shining One.
  2531 | D:4      | Found a shattered altar of Ashenzari.
  2545 | D:4      | Reached skill level 5 in Shields
  2552 | D:4      | Reached skill level 5 in Armour
  2599 | D:4      | Noticed Natasha
  2603 | D:4      | Reached skill level 6 in Axes
  2612 | D:4      | HP: 2/55 [Natasha (6)]
  2614 | D:4      | Killed Natasha
  2614 | D:4      | Reached XP level 7. HP: 3/61 MP: 5/5
  2912 | D:4      | Found an opulent altar of Gozag.
  2913 | D:4      | Found a glowing silver altar of Zin.
  3055 | D:4      | Noticed Natasha
  3064 | D:4      | Killed Natasha
  3216 | D:5      | Entered Level 5 of the Dungeon
  3355 | D:5      | Found a sparkling altar of Nemelex Xobeh.
  3371 | D:5      | HP: 3/61 [orc priest/divine providence (11)]
  3381 | D:5      | Reached skill level 7 in Axes
  3497 | D:5      | Found a glowing golden altar of the Shining One.
  3499 | D:5      | Noticed an angel
  3509 | D:5      | Found a basalt altar of Yredelemnul.
  3511 | D:5      | Noticed a profane servitor
  4062 | D:5      | Reached skill level 5 in Fighting
  4062 | D:5      | Reached skill level 10 in Axes
  4062 | D:5      | Reached skill level 5 in Dodging
  4062 | D:5      | Reached XP level 8. HP: 12/74 MP: 5/5
  4370 | D:6      | Noticed Edmund
  4383 | D:6      | Killed Edmund
  4383 | D:6      | Gained mutation: You passively map the area around you. [Deep Dwarf growth]
  4383 | D:6      | Reached XP level 9. HP: 20/81 MP: 6/6
  4572 | D:6      | Noticed Blork the orc
  4584 | D:6      | Killed Blork the orc
  4596 | D:6      | Found a staircase to the Ecumenical Temple.
  4662 | Temple   | Entered the Ecumenical Temple
  5072 | D:6      | Found a shimmering altar of Xom.
  5073 | D:6      | Found a burning altar of Makhleb.
  5079 | D:6      | Became a worshipper of Makhleb the Destroyer
  5337 | D:7      | Got a warped amber ring
  5378 | D:7      | Found a hide-covered altar of Uskayaw.
  5380 | D:7      | Identified the ring of Sin {+Fly rC+ AC+3 Int+2} (You found it on level 7 of the Dungeon)
  5683 | D:7      | Reached * piety under Makhleb
  5719 | D:7      | Found an iron altar of Okawaru.
  5773 | D:7      | Reached skill level 11 in Axes
  5992 | D:8      | Found a shattered altar of Ashenzari.
  6027 | D:8      | Found a staircase to the Lair.
  6555 | D:8      | Paralysed by a hornet for 2 turns
  6943 | D:9      | Reached XP level 10. HP: 41/88 MP: 6/6
  6967 | D:9      | Reached skill level 1 in Evocations
  7133 | D:9      | Noticed pk666's ghost (novice DEFE)
  7509 | D:10     | Entered Level 10 of the Dungeon
  7718 | D:10     | Found Sopn's Book Boutique.
  7806 | D:10     | Reached ** piety under Makhleb
  7961 | D:10     | Noticed Harold
  7984 | D:10     | Killed Harold
  8841 | D:11     | Reached skill level 12 in Axes
  8851 | D:11     | Noticed an orc knight
  8886 | D:11     | Killed an orc knight
  9039 | D:11     | Noticed a brown ugly thing
  9315 | Lair:1   | Entered Level 1 of the Lair of Beasts
  9318 | Lair:1   | Noticed a spiny frog
  9337 | Lair:1   | Killed a spiny frog
  9391 | Lair:1   | Noticed ThisFiasco's ghost (novice SpEn)
  9402 | Lair:1   | Noticed a death yak
  9402 | Lair:1   | Noticed a death yak
  9402 | Lair:1   | Noticed a death yak
  9402 | Lair:1   | Noticed a death yak
  9402 | Lair:1   | Noticed a death yak
  9402 | Lair:1   | Mangled by a death yak

Vault maps used:
D:1:      lightli_arrival_statue_moat
D:2:      kiku_gazebo_pond_becter, first_ration, st_stairs_3, minmay_lizard_pond
D:3:      minivault_27, grunt_decor_one_mirror, nicolae_tso_swordbearing_angel
D:4:      ashenzari_conservatory_becter, grunt_temple_overflow_gold_and_silver,
          uniq_natasha
D:5:      grunt_temple_overflow_holy_war, nemelex_xobeh_ov_fountains_minmay
D:6:      grunt_temple_overflow_champion_of_chaos,
          minmay_temple_entry_purple_smoke, uniq_edmund, uniq_blork_the_orc
D:7:      okawaru_ov_weapons_minmay, kennysheep_mini_moat
D:8:      minmay_lair_entry_lava, hangedman_pestilent_swarm,
          nicolae_two_hexagons, hangedman_decor_slide_cut,
          evilmike_ruin_ashenzari
D:9:      led_sif_book
D:10:     serial_shops, nicolae_shop_statue_plus, uniq_harold
D:11:     serial_bayou_pond_a, nooodl_food_tri
Temple:   compressed_dpeg_circular_temple
Lair:1:   gammafunk_lair_bear_cave

Skill      XL: |  1  2  3  4  5  6  7  8  9 10 |
---------------+-------------------------------+-----
Axes           | 3 4 5 6 10 11 12 | 12.1
Shields        | 4 5 8 9 |  9.7
Armour         | 4 5 7 8 9 |  9.6
Fighting       | 5 |  5.1
Dodging        | 5 |  5.4
Evocations     | 4 |  4.6

Action                   |  1- 3 |  4- 6 |  7- 9 | 10-12 || total
-------------------------+-------+-------+-------+-------++-------
Melee: War axe           |   128 |   232 |   361 |   209 ||   930
Throw: Throwing net      |       |       |       |     6 ||     6
 Abil: Heal Wounds       |       |     3 |     5 |     2 ||    10
Evoke: Wand              |       |       |     3 |    20 ||    23
  Use: Scroll            |       |     1 |    18 |     7 ||    26
       Potion            |       |     1 |     5 |     5 ||    11
  Eat: Chunk             |       |     6 |     8 |    14 ||    28
       Ration            |       |       |     3 |       ||     3
Armor: Scale mail        |     7 |       |       |       ||     7
       Chain mail        |    92 |   161 |   156 |    52 ||   461
Dodge: Dodged            |    24 |    57 |   138 |    48 ||   267
Block: Shield            |    76 |   114 |   209 |    84 ||   483

Table legend:
 A = Spawn XP
 B = Non-spawn XP
 C = Spawn XP percentage of total XP
 D = Spawn monster count
 E = Non-spawn monster count
 F = Spawn count percentage of total count
 G = Total turns spent on level
                    A         B        C        D         E        F      G
               +---------+---------+-------+---------+---------+-------+---------
         Total |       0 |    9568 |   0.0 |       0 |     236 |   0.0 |  9402
               +---------+---------+-------+---------+---------+-------+---------
           D:1 |       0 |      55 |   0.0 |       0 |      21 |   0.0 |   707
           D:2 |       0 |      78 |   0.0 |       0 |      31 |   0.0 |   600
           D:3 |       0 |     323 |   0.0 |       0 |      32 |   0.0 |  1109
           D:4 |       0 |     598 |   0.0 |       0 |      32 |   0.0 |   800
           D:5 |       0 |     265 |   0.0 |       0 |      15 |   0.0 |  1029
           D:6 |       0 |     503 |   0.0 |       0 |      11 |   0.0 |   945
           D:7 |       0 |    1060 |   0.0 |       0 |      28 |   0.0 |   633
           D:8 |       0 |    1332 |   0.0 |       0 |      16 |   0.0 |  1043
           D:9 |       0 |     845 |   0.0 |       0 |       9 |   0.0 |   599
          D:10 |       0 |    2790 |   0.0 |       0 |      32 |   0.0 |  1494
          D:11 |       0 |    1322 |   0.0 |       0 |       8 |   0.0 |   267
        Lair:1 |       0 |     397 |   0.0 |       0 |       1 |   0.0 |    87
               +---------+---------+-------+---------+---------+-------+---------
